cohdb
Replays
Latest Replays
All Replays
Popular Replays
Top Player Replays
Match Explorer
How It Works
Community
CoH3 Stats
Reddit
Sign in to upload your games and track your stats! →
Sign in with Steam
Match 45543642
Unlisted
Match 45543642
Overview
Messages
Build Orders
End
Construct Barracks
Riflemen Squad
1⁄4-ton 4x4 Truck
Riflemen Squad
Construct Weapon Support Center
Bazooka Squad
Selects Advanced Infantry Battlegroup
Selects Convert to Ranger Squad
Ranger Squad
Selects Designate Assault Position
Infantry Support Center
Bazooka Squad
Construct Medical Station
M3 Armored Personnel Carrier
M3 Armored Personnel Carrier
Engooeer
Brick_man
Dr. T
Anakin Jared
[TB] Pvt. Mike
Lilfuture
0
0
Comments
sign in to comment!
No comments posted yet!